 Dungeon Crawl Stone Soup version 0.26.1-11-gd32895ea62 (webtiles) character file.

Game seed: 9592191550532939999

206 Bergy the Cutter (level 5, -4/32 HPs)
             Began as a Gargoyle Fighter on July 18, 2021.
             Slain by a gnoll
             ... wielding a +0 halberd
              (9 damage)
             ... on level 3 of the Dungeon.
             The game lasted 00:07:03 (1889 turns).

Bergy the Cutter (Gargoyle Fighter)                 Turns: 1889, Time: 00:07:04

Health: -4/32      AC: 12    Str: 20    XL:     5   Next: 84%
Magic:  5/5        EV: 17    Int:  9    God:
Gold:   100        SH:  0    Dex:  9    Spells: 4/4 levels left

rFire    . . .     SeeInvis .   (weapon currently unavailable)
rCold    . . .     Faith    .   (shield currently unavailable)
rNeg     + + +     Spirit   .   (armour currently unavailable)
rPois    ∞         Reflect  .   (helmet currently unavailable)
rElec    .         Harm     .   (cloak currently unavailable)
rCorr    .         Rampage  .   (gloves currently unavailable)
Will     .....                  (boots currently unavailable)
Stlth    +.........             (no amulet)
HPRegen  0.10/turn              (no ring)
MPRegen  0.09/turn              (no ring)

@: fungus-form (expiring)
A: tiny, negative energy resistance 1, petrification resistance, miasma
immunity, AC +4
a: no special abilities


You were on level 3 of the Dungeon.
You were a sentient fungus.
You visited 1 branch of the dungeon, and saw 3 of its levels.

You collected 100 gold pieces.

Inventory:

Hand Weapons
 a - a +0 flail
 h - a +2 short sword of draining (melded)
Armour
 b - a +0 scale mail (melded)
 c - a +0 kite shield (melded)
 m - a cursed -2 leather armour
 o - a +1 cloak of preservation (melded)
Jewellery
 l - an uncursed ring of protection from fire {unknown}
 n - an uncursed amulet of reflection {unknown}
Scrolls
 e - 3 scrolls of enchant weapon {unknown}
 f - a scroll of immolation {unknown}
 g - a scroll of fear {unknown}
 k - a scroll of identify {unknown}
 p - 2 scrolls of teleportation {unknown}
Potions
 d - 2 potions of might
 i - a potion of flight {unknown}
 j - a potion of curing


   Skills:
 - Level 3.2 Fighting
 * Level 4.5 Short Blades
 - Level 2.6 Maces & Flails
 - Level 3.2 Armour
 - Level 3.2 Shields
 - Level 0.2 Necromancy
 - Level 0.1 Fire Magic


You had 4 spell levels left.
You didn't know any spells.
Your spell library was empty.

Dungeon Overview and Level Annotations

Branches:
Dungeon (3/15)

Altars:

Annotations:
D:3 2 runed translucent doors, Sigmund; nakriel's ghost, amateur MiBr


Innate Abilities, Weirdness & Mutations

You are resistant to torment.
((Your stone body is resilient. (AC +4)))
You are immune to poison.
You resist negative energy. (rN+)
((You are resistant to electric shocks. (rElec)))
((You can survive without breathing.))
You are immune to petrification.
You are immune to miasma.


Message History

You're too terrified to move while being watched!
You're too terrified to move while being watched!
You're too terrified to move while being watched!
You're too terrified to move while being watched!
You're too terrified to move while being watched!
You're too terrified to move while being watched!
The gnoll hits you but does no damage.
The gnoll hits you from afar with a +0 halberd.
The gnoll closely misses you. The gnoll hits you but does no damage.
You're too terrified to move while being watched!
Something hits you!
* * * LOW HITPOINT WARNING * * *
The gnoll hits you but does no damage. The gnoll barely misses you.
The gnoll completely misses you. The gnoll closely misses you.
You're too terrified to move while being watched!
The gnoll hits you from afar with a +0 spear.
* * * LOW HITPOINT WARNING * * *
Something hits you but does no damage. The gnoll hits you but does no damage.
The gnoll hits you from afar with a +0 halberd!
You die...

######....÷.#
#... #......#
#### #......#
##########
#......#
.........#
#.....##
.........#
#....##
.....g...###...##
.......)†.....##
.....g.f)g....#
.....g.g......#
..............#
..###.........# .
#.........#
###########


You could see 5 gnolls.

Vanquished Creatures
  Crazy Yiuf (D:2)
  A hound (D:3)
  An iguana (D:3)
  2 gnolls (D:3)
  3 adders
  3 worms (D:2)
  3 dart slugs
  3 leopard geckos
  11 bats
  4 giant cockroaches
  5 goblins
  6 hobgoblins
  6 kobolds
  A ball python (D:1)
  2 frilled lizards (D:2)
  9 rats
61 creatures vanquished.

Notes
Turn   | Place    | Note
-------+----------+-------------------------------------------
     0 | D:1      | Bergy the Gargoyle Fighter began the quest for the Orb.
     0 | D:1      | Reached XP level 1. HP: 14/14 MP: 1/1
    84 | D:1      | Reached XP level 2. HP: 19/19 MP: 2/2
   409 | D:1      | Reached skill level 1 in Short Blades
   461 | D:1      | Reached XP level 3. HP: 23/23 MP: 3/3
   787 | D:2      | Reached skill level 2 in Short Blades
  1065 | D:2      | Found a runed translucent door.
  1066 | D:2      | Noticed Crazy Yiuf
  1075 | D:2      | Killed Crazy Yiuf
  1076 | D:2      | Reached skill level 3 in Short Blades
  1076 | D:2      | Reached XP level 4. HP: 19/28 MP: 0/4
  1568 | D:3      | Reached XP level 5. HP: 31/32 MP: 5/5
  1573 | D:3      | Found a runed translucent door.
  1612 | D:3      | Reached skill level 4 in Short Blades
  1612 | D:3      | Found a runed translucent door.
  1820 | D:3      | Noticed nakriel's ghost (amateur MiBr)
  1873 | D:3      | Noticed Sigmund
  1889 | D:3      | Slain by a gnoll

Illustrated notes

Levels and vault maps discovered:
D:1:      dpeg_arrival_pond, layout_basic, minmay_pentomino_u2
D:2:      minmay_angry_zag, layout_rooms, chequers_serial_rivers_room_a,
          uniq_crazy_yiuf_cottage
D:3:      layout_basic, nicolae_overflow_hidden_temple, ebering_ghost_sewer_f,
          chequers_ecumenical_altar_grove, kennysheep_donut, skrybe_limestone_x,
          uniq_sigmund

Skill      XL: |  1  2  3  4  5 |
---------------+----------------+-----
Short Blades   | 1 3 4 |  4.5
Fighting       | |  3.2
Maces & Flails | |  2.6
Armour         | |  3.2
Shields        | |  3.2
Necromancy     | |  0.2
Fire Magic     | |  0.1

Action                   |  1- 3 |  4- 6 || total
-------------------------+-------+-------++-------
Melee: Flail             |    14 |       ||    14
       Short sword       |    94 |    69 ||   163
       Unarmed           |       |    12 ||    12
  Use: Potion            |       |     1 ||     1
Armor: Scale mail        |    56 |    17 ||    73
       Skin              |       |    15 ||    15
Dodge: Dodged            |    39 |    51 ||    90
Block: Kite shield       |    51 |    27 ||    78
